 Dungeon Crawl Stone Soup version 0.29.1-14-g9c671dbff4 (webtiles) character file.

Game seed: 666846368903659286

2207 MisterFreud the Cruncher (level 9, -6/68 HPs)
             Began as a Formicid Gladiator on Feb 18, 2023.
             Mangled by a death yak (23 damage)
             ... on level 8 of the Dungeon on Feb 19, 2023.
             The game lasted 00:09:44 (8009 turns).

MisterFreud the Cruncher (Formicid Gladiator)       Turns: 8009, Time: 00:09:44

Health: -6/68      AC: 14    Str: 21    XL:     9   Next: 60%
Magic:  9/9        EV: 10    Int:  8    God:
Gold:   404        SH:  0    Dex: 17    Spells: 8/8 levels left

rFire   . . .      SeeInvis +   a - +1 quarterstaff
rCold   . . .      Faith    .   (no shield)
rNeg    + . .      Spirit   .   o - +0 pearl dragon scales
rPois   .          Reflect  .   (helmet unavailable)
rElec   .          Harm     .   v - +1 cloak
rCorr   .          Rampage  .   (no gloves)
Will    .....                   (no boots)
Stlth   ..........              (no amulet)
HPRegen 0.21/turn               (no ring)
MPRegen 0.11/turn               (no ring)

@: no status effects
A: permanent stasis, dig shafts and tunnels, antennae 3, four strong arms
a: Dig, Shaft Self


You were on level 8 of the Dungeon.
You visited 1 branch of the dungeon, and saw 9 of its levels.

You collected 560 gold pieces.
You spent 156 gold pieces at shops.

Inventory:

Hand Weapons
 a - a +1 quarterstaff (weapon)
 w - the +8 long sword "Lemaprab" {vorpal, rF+ Str+3}
   (You found it on level 6 of the Dungeon)

   It inflicts extra damage upon your enemies.
   Str:       It affects your strength (+3).
   rF:        It protects you from fire.
Missiles
 c - 5 throwing nets (quivered)
 d - a javelin
 j - 4 poisoned darts
 y - 4 boomerangs
 F - a curare-tipped dart
Armour
 b - a +0 leather armour
 o - +0 pearl dragon scales (worn)
 v - a +1 cloak (worn)
Jewellery
 f - a ring of magical power
 g - a ring of magical power
 t - a ring of ice
 u - a +4 ring of protection
Wands
 r - a wand of paralysis (10)
 E - a wand of iceblast (8)
 G - a wand of digging (8)
Scrolls
 s - a scroll of fear
 D - a scroll of identify
Potions
 e - 2 potions of attraction
 h - 3 potions of curing
 i - 4 potions of heal wounds
 k - 2 potions of mutation
 l - a potion of might {unknown}
 m - 3 potions of lignification
 n - 2 potions of flight {unknown}
 p - a potion of magic {unknown}
 q - a potion of invisibility
 x - a potion of brilliance {unknown}
 z - a potion of haste {unknown}
 A - a potion of resistance {unknown}
 B - a potion of berserk rage {unknown}
 C - a potion of experience {unknown}


   Skills:
 - Level 5.0 Fighting
 - Level 10.0 Staves
 - Level 2.0 Throwing
 - Level 5.0 Armour
 - Level 2.6 Dodging
 + Level 4.4 Evocations


You had 8 spell levels left.
You didn't know any spells.
Your spell library contained the following spells:

 Spells                   Type           Power      Damage    Failure   Level
 Sandblast                Erth           0%         2d4       80%         1
 Summon Small Mammal      Summ           0%         N/A       80%         1
 Passwall                 Tmut/Erth      0%         N/A       91%         2
 Call Canine Familiar     Summ           0%         N/A       99%         3
 Stone Arrow              Conj/Erth      0%         3d7       99%         3
 Summon Guardian Golem    Hex/Summ       0%         N/A       99%         3


Dungeon Overview and Level Annotations

Branches:
Dungeon (9/15)               Lair (0/5) D:8
 Temple: D:4-7          Orc: D:9-12

Altars:
Gozag
Makhleb
Uskayaw

Shops:
D:2 [   D:8 ![!

Annotations:
D:7 Joseph


Innate Abilities, Weirdness & Mutations

You cannot be hasted, slowed, berserked, paralysed or teleported.
You can dig through walls and to a lower floor.
You have a pair of large antennae on your head. (SInv)
Your four strong arms can wield two-handed weapons with a shield.


Message History

Aim: a death yak (moderately wounded)
The mass of ice explodes!
The iceblast engulfs the death yak!!
The death yak is heavily wounded.
You hear a bellow! x2
Unknown command.
Unknown command.
You hit the death yak.
The death yak is heavily wounded.
The death yak gores you!
The death yak snorts and paws the ground.
You sock the death yak!
The death yak is severely wounded.
The death yak gores you but does no damage.
The death yak bellows!
You hit the death yak.
The death yak is severely wounded.
The death yak gores you!
You completely miss the death yak.
The death yak is severely wounded.
You barely miss the death yak.
The death yak is severely wounded.
The death yak gores you but does no damage.
You hit the death yak.
The death yak is severely wounded.
The death yak gores you.
You hit the death yak but do no damage.
The death yak is severely wounded.
The death yak gores you!
You hit the death yak.
The death yak is severely wounded.
The death yak gores you.
You hit the death yak.
The death yak is almost dead.
You barely miss the death yak.
The death yak is almost dead.
The death yak gores you!
* * * LOW HITPOINT WARNING * * *
Are you sure you want to shaft yourself?
The death yak gores you!!
You die...

......# # #......'.'....#...
.....##.### #......###..##.##.
...........# #......###.##.⌠.##
............ #.........####.###
.).......... #####'#..)#.###.#.
.YY..........#######.#..#)♣.###.⌠
..Y..>......{............#.#.###.
...#.......Y######.......##.#.#.#
......#.{ {#YYYY@........###.♣.##
......... #########.#....###.#.#
.......## #.#...#.#.#.#. ##..####
#.#..#.⌠.###.⌠ .## #.#...#.# .#.
.. #.# ..### .# # # ##


You could see 5 death yaks.

Vanquished Creatures
  2 hornets (D:8)
  Sigmund (D:5)
  Eustachio (D:6)
  Menkaure (D:5)
  A water moccasin (D:5)
  A black bear (D:8)
  An orc warrior (D:8)
  A centaur (D:8)
  2 phantoms
  A kobold brigand (D:8)
  2 necrophages
  A scorpion (D:3)
  A howler monkey (D:6)
  3 jellies
  2 orc priests
  4 hounds
  3 iguanas
  An orc wizard (D:9)
  7 adders
  3 gnolls (D:7)
  A white imp (D:5)
  A worm (D:3)
  3 dart slugs
  18 orcs
  6 ball pythons
  4 endoplasms
  7 giant cockroaches
  6 hobgoblins
  2 jackals (D:4)
  A quokka (D:1)
  A bat (D:1)
  A frilled lizard (D:3)
  8 goblins
  14 kobolds
  5 rats
117 creatures vanquished.

Notes
Turn   | Place    | Note
-------+----------+-------------------------------------------
     0 | D:1      | MisterFreud the Formicid Gladiator began the quest for the
                  | Orb.
     0 | D:1      | Reached XP level 1. HP: 16/16 MP: 1/1
   183 | D:1      | Reached XP level 2. HP: 22/22 MP: 2/2
   746 | D:2      | Reached skill level 4 in Staves
   746 | D:2      | Reached XP level 3. HP: 18/27 MP: 3/3
  1394 | D:2      | Found Weiholij's Antique Armour Boutique.
  1456 | D:2      | Found a faded altar of an unknown god.
  1829 | D:3      | You fall into a shaft and drop 3 floors!
  1849 | D:6      | Noticed a necrophage
  1867 | D:6      | Killed a necrophage
  1868 | D:6      | Reached skill level 5 in Staves
  1868 | D:6      | Reached XP level 4. HP: 3/33 MP: 4/4
  1868 | D:6      | Reached XP level 5. HP: 3/38 MP: 5/5
  2206 | D:6      | Reached skill level 6 in Staves
  2218 | D:6      | Reached skill level 1 in Armour
  2218 | D:6      | Reached XP level 6. HP: 8/44 MP: 6/6
  2632 | D:5      | Entered Level 5 of the Dungeon
  2678 | D:5      | Noticed Eustachio
  2704 | D:6      | Killed Eustachio
  2981 | D:6      | Found a hide-covered altar of Uskayaw.
  3093 | D:6      | Reached XP level 7. HP: 48/50 MP: 7/7
  3128 | D:6      | Reached skill level 5 in Armour
  3202 | D:6      | Found a burning altar of Makhleb.
  3388 | D:6      | Identified the +8 long sword "Lemaprab" {vorpal, rF+ Str+3}
  4920 | D:4      | Reached skill level 5 in Fighting
  4920 | D:4      | Reached XP level 8. HP: 50/62 MP: 8/8
  5709 | D:5      | Found an opulent altar of Gozag.
  5874 | D:5      | Noticed Menkaure
  5882 | D:5      | Killed Menkaure
  5883 | D:5      | Reached skill level 7 in Staves
  6084 | D:5      | Noticed Sigmund
  6097 | D:5      | Killed Sigmund
  6098 | D:5      | Reached skill level 8 in Staves
  6603 | D:7      | Reached XP level 9. HP: 53/68 MP: 9/9
  6616 | D:7      | Noticed Joseph
  6628 | D:7      | HP: 1/68 [Joseph/+2 quarterstaff of speed (6)]
  6629 | D:7      | You fall into a shaft and drop 1 floor!
  6950 | D:8      | Noticed a hornet
  6958 | D:8      | Killed a hornet
  6959 | D:8      | Reached skill level 9 in Staves
  7037 | D:8      | Found Xepon's Distillery.
  7050 | D:8      | Reached skill level 10 in Staves
  7073 | D:8      | Bought a potion of lignification for 36 gold pieces
  7073 | D:8      | Bought a potion of heal wounds for 60 gold pieces
  7073 | D:8      | Bought a potion of heal wounds for 60 gold pieces
  7242 | D:8      | Found Nutiludo's Armour Boutique.
  7255 | D:8      | Found a staircase to the Lair.
  7256 | D:8      | Noticed a death yak
  7256 | D:8      | Noticed a death yak
  7256 | D:8      | Noticed a death yak
  7257 | D:8      | Noticed a death yak
  7257 | D:8      | Noticed a death yak
  7258 | D:8      | Noticed a death yak
  7258 | D:8      | Noticed a death yak
  7272 | D:8      | You fall into a shaft and drop 1 floor!
  7543 | D:9      | Reached skill level 1 in Evocations
  7753 | D:8      | Noticed a hornet
  7771 | D:8      | Killed a hornet
  7966 | D:8      | Found Voarrazxo's Distillery.
  8009 | D:8      | Mangled by a death yak

Illustrated notes

Levels and vault maps discovered:
D:1:      scummos_arrival_gate, layout_rooms, minmay_worlds_worst_comb
D:2:      layout_basic, serial_shops, shop_statue,
          chequers_ecumenical_altar_grove
D:3:      layout_basic
D:4:      corexii_shack_village, layout_basic
D:5:      layout_rooms, lemuel_crystal_altar, uniq_sigmund, uniq_eustachio,
          uniq_menkaure
D:6:      layout_basic, makhleb_blood_cavern_becter, nicolae_uskayaw_suspiria
D:7:      layout_loops_corners, kennysheep_little_box,
          nicolae_dithmenos_through_a_glass_darkly,
          mainiacjoe_overflow_six_doors_small, minmay_temple_entry_mini_moons,
          serial_shops, shop, uniq_joseph
D:8:      minmay_slanted_spiral_squares, layout_basic,
          mainiacjoe_overflow_surrounded_room, nemelex_diamond_rough_becter,
          dpeg_lair_monsters, serial_shops, nicolae_shop_hallway_plus, shop,
          nicolae_shop_statue_plus, nicolae_diamond_shop,
          grunt_decor_mini_mirrors
D:9:      layout_basic

Skill      XL: |  1  2  3  4  5  6  7  8  9 |
---------------+----------------------------+-----
Staves         | 4 5 6 8 10 | 10.0
Armour         | 1 4 5 |  5.0
Fighting       | 5 |  5.0
Evocations     | 4 |  4.4
Throwing       | |  2.0
Dodging        | |  2.6

Action                   |  1- 3 |  4- 6 |  7- 9 || total
-------------------------+-------+-------+-------++-------
Melee: Quarterstaff      |    88 |    38 |   349 ||   475
       Punch             |     2 |       |     5 ||     7
 Abil: Shaft Self        |       |       |     3 ||     3
Evoke: Wand              |       |     1 |     2 ||     3
  Use: Scroll            |     5 |       |     6 ||    11
       Potion            |       |     1 |       ||     1
 Stab: Sleeping          |     1 |       |       ||     1
       Paralysed         |       |     3 |       ||     3
Armor: Leather armour    |    24 |     1 |       ||    25
       Pearl dragon scal |       |     9 |   155 ||   164
Dodge: Dodged            |    59 |    20 |   151 ||   230
